 Dungeon Crawl Stone Soup version 0.26.1-2-gb8aa6d0cf2 (webtiles) character file.

Game seed: 13424839009580169276

215 0gre the Chiller (level 5, -2/38 HPs)
             Began as a Gnoll Ice Elementalist on Feb 11, 2021.
             Slain by phiIosophr's ghost (11 damage)
             ... on level 3 of the Dungeon.
             The game lasted 00:18:13 (2674 turns).

0gre the Chiller (Gnoll Ice Elementalist)           Turns: 2674, Time: 00:18:14

Health: -2/38      AC:  2    Str: 10    XL:     5   Next: 92%
Magic:  10/12      EV: 15    Int: 19    God:
Gold:   98         SH:  0    Dex: 15    Spells: 10/14 levels left

rFire    . . .     SeeInvis .   a - +0 mace
rCold    . . .     Faith    .   (no shield)
rNeg     . . .     Spirit   .   d - +0 robe
rPois    .         Reflect  .   (no helmet)
rElec    .         Harm     .   (no cloak)
rCorr    .         Rampage  .   (no gloves)
Will     .....                  (no boots)
Stlth    +++.......             v - amulet of the acrobat
HPRegen  0.12/turn              (no ring)
MPRegen  0.13/turn              (no ring)

@: mighty
A: distributed training, fangs 1, strong nose
a: no special abilities


You were on level 3 of the Dungeon.
You visited 1 branch of the dungeon, and saw 3 of its levels.

You collected 98 gold pieces.

Inventory:

Hand Weapons
 a - a +0 mace (weapon)
Missiles
 b - 106 stones
 f - 4 sling bullets
 g - 42 bolts
 o - 12 poisoned darts
 u - 4 silver boomerangs (quivered)
Armour
 d - a +0 robe (worn)
Jewellery
 t - an uncursed ring of fire
 v - an amulet of the acrobat (around neck)
Wands
 w - a wand of polymorph (6)
Scrolls
 c - 3 scrolls of fog {unknown}
 h - a scroll of enchant armour {unknown}
 i - 2 scrolls of amnesia {unknown}
 j - 2 scrolls of magic mapping {unknown}
 l - 3 scrolls of identify {unknown}
 n - a scroll of immolation {unknown}
 s - a scroll of fear {unknown}
Potions
 e - 2 potions of curing {unknown}
 k - a potion of heal wounds {unknown}
 m - a potion of lignification {unknown}
 p - a potion of resistance {unknown}
 q - a potion of cancellation {unknown}
 r - a potion of might


   Skills:
 + Level 1.7 Fighting
 + Level 1.7 Short Blades
 + Level 1.7 Long Blades
 + Level 1.7 Axes
 + Level 1.7 Maces & Flails
 + Level 1.7 Polearms
 + Level 1.7 Staves
 + Level 1.7 Slings
 + Level 1.7 Bows
 + Level 1.7 Crossbows
 + Level 1.7 Throwing
 + Level 1.7 Armour
 + Level 4.9 Dodging
 + Level 4.5 Stealth
 + Level 1.7 Shields
 + Level 1.7 Unarmed Combat
 + Level 5.2 Spellcasting
 + Level 1.3 Conjurations
 + Level 1.3 Hexes
 + Level 1.3 Summonings
 + Level 1.3 Necromancy
 + Level 1.3 Translocations
 + Level 1.3 Transmutations
 + Level 1.3 Fire Magic
 + Level 7.2 Ice Magic
 + Level 1.3 Air Magic
 + Level 1.3 Earth Magic
 + Level 1.3 Poison Magic
 + Level 1.9 Invocations
 + Level 1.7 Evocations


You had 10 spell levels left.
You knew the following spells:

 Your Spells              Type           Power        Failure   Level
a - Freeze                Ice            100%         1%          1
b - Frozen Ramparts       Ice            64%          1%          3

Your spell library contained the following spells:

 Spells                   Type           Power        Failure   Level
 Ozocubu's Armour         Ice            32%          1%          3
 Hailstorm                Conj/Ice       21%          21%         4
 Summon Ice Beast         Ice/Summ       21%          21%         4


Dungeon Overview and Level Annotations

Branches:
Dungeon (3/15)

Altars:
Hepliaklqana
Uskayaw

Annotations:
D:3 1 transporter, phiIosophr's ghost, amateur MfGl


Innate Abilities, Weirdness & Mutations

Your experience applies equally to all skills.
You have very sharp teeth.
Your uncanny sense of smell can sniff out nearby items.


Message History

The wall freezes the centaur skeleton but does no damage.
The wall freezes phiIosophr's ghost.
PhiIosophr's ghost closely misses you.
The bullfrog zombie completely resists.
The wall freezes the bullfrog zombie but does no damage.
The centaur zombie completely resists.
The wall freezes the centaur zombie but does no damage.
The centaur skeleton completely resists.
The wall freezes the centaur skeleton but does no damage.
You closely miss phiIosophr's ghost.
PhiIosophr's ghost is severely damaged.
The frozen ramparts melt away.
PhiIosophr's ghost hits you. PhiIosophr's ghost hits you!
* * * LOW HITPOINT WARNING * * *
You barely miss phiIosophr's ghost.
PhiIosophr's ghost is severely damaged.
PhiIosophr's ghost barely misses you.
It was a potion of might.
You feel very mighty all of a sudden. PhiIosophr's ghost hits you!
You die...

#.#.##########.##... #
.##..............##.#.## #.
.....................#..# #..
.....................##.## #..
.........................# # #..
..........#############..##.# #..
########..#..........©#...#.##...
#..#...........#..........
#..#..###@###..#.#...##.##
#..#..#8#W#8#..#..#..# #
##..#....ZZZ...$#..#..##. #
#..©#..Z..©....:#©...>... #
#...#..........$#.)######
#...#..#8#.#8#..#.##
#####..#..###.###..#.####### #
####......#...........#.......# #
#.........#...........#.#####.# #


You could see phiIosophr's ghost, a bullfrog zombie, a centaur zombie and a
centaur skeleton.

Vanquished Creatures
  An orc priest (D:3)
  2 orc wizards (D:3)
  7 adders
  3 worms
  A leopard gecko (D:1)
  5 orcs (D:3)
  A ball python (D:1)
  6 bats
  6 giant cockroaches
  5 goblins
  5 hobgoblins
  3 jackals (D:1)
  2 frilled lizards (D:2)
  5 kobolds (D:1)
  7 rats
59 creatures vanquished.

Notes
Turn   | Place    | Note
-------+----------+-------------------------------------------
     0 | D:1      | 0gre the Gnoll Ice Elementalist began the quest for the
                  | Orb.
     0 | D:1      | Reached XP level 1. HP: 13/13 MP: 6/6
   115 | D:1      | Reached XP level 2. HP: 11/19 MP: 3/7
   399 | D:1      | Reached XP level 3. HP: 12/25 MP: 2/9
   402 | D:1      | Reached skill level 5 in Spellcasting
  1215 | D:2      | Reached skill level 1 in Invocations
  1256 | D:2      | Learned a level 3 spell: Frozen Ramparts
  1315 | D:2      | Reached skill level 1 in Fighting
  1315 | D:2      | Reached skill level 1 in Short Blades
  1315 | D:2      | Reached skill level 1 in Long Blades
  1315 | D:2      | Reached skill level 1 in Axes
  1315 | D:2      | Reached skill level 1 in Maces & Flails
  1315 | D:2      | Reached skill level 1 in Polearms
  1315 | D:2      | Reached skill level 1 in Staves
  1315 | D:2      | Reached skill level 1 in Slings
  1315 | D:2      | Reached skill level 1 in Bows
  1315 | D:2      | Reached skill level 1 in Crossbows
  1315 | D:2      | Reached skill level 1 in Throwing
  1315 | D:2      | Reached skill level 1 in Armour
  1315 | D:2      | Reached skill level 1 in Shields
  1315 | D:2      | Reached skill level 1 in Unarmed Combat
  1315 | D:2      | Reached skill level 1 in Evocations
  1329 | D:2      | Reached XP level 4. HP: 32/32 MP: 7/11
  1363 | D:2      | Found a hazy altar of Hepliaklqana.
  1536 | D:2      | Found a hide-covered altar of Uskayaw.
  1660 | D:2      | Reached skill level 1 in Conjurations
  1660 | D:2      | Reached skill level 1 in Hexes
  1660 | D:2      | Reached skill level 1 in Summonings
  1660 | D:2      | Reached skill level 1 in Necromancy
  1660 | D:2      | Reached skill level 1 in Translocations
  1660 | D:2      | Reached skill level 1 in Transmutations
  1660 | D:2      | Reached skill level 1 in Fire Magic
  1660 | D:2      | Reached skill level 1 in Air Magic
  1660 | D:2      | Reached skill level 1 in Earth Magic
  1660 | D:2      | Reached skill level 1 in Poison Magic
  1858 | D:3      | Reached XP level 5. HP: 37/37 MP: 8/12
  2615 | D:3      | Found a transporter.
  2630 | D:3      | Found a transporter.
  2631 | D:3      | Noticed phiIosophr's ghost (amateur MfGl)
  2674 | D:3      | Slain by phiIosophr's ghost

Illustrated notes

Levels and vault maps discovered:
D:1:      sevenhm_arrival_forest_fort_small_4, layout_basic, roderic_lattice_a,
          minmay_worlds_worst_comb
D:2:      layout_basic, nzn_hepliaklqana_mist_gate, lemuel_round_altar
D:3:      layout_basic, gammafunk_ghost_mausoleum

Skill      XL: |  1  2  3  4 |
---------------+-------------+-----
Spellcasting   | 5 |  5.2
Invocations    | 1 |  1.9
Fighting       | 1 |  1.7
Short Blades   | 1 |  1.7
Long Blades    | 1 |  1.7
Axes           | 1 |  1.7
Maces & Flails | 1 |  1.7
Polearms       | 1 |  1.7
Staves         | 1 |  1.7
Slings         | 1 |  1.7
Bows           | 1 |  1.7
Crossbows      | 1 |  1.7
Throwing       | 1 |  1.7
Armour         | 1 |  1.7
Shields        | 1 |  1.7
Unarmed Combat | 1 |  1.7
Evocations     | 1 |  1.7
Conjurations   | 1 |  1.3
Hexes          | 1 |  1.3
Summonings     | 1 |  1.3
Necromancy     | 1 |  1.3
Translocations | 1 |  1.3
Transmutations | 1 |  1.3
Fire Magic     | 1 |  1.3
Air Magic      | 1 |  1.3
Earth Magic    | 1 |  1.3
Poison Magic   | 1 |  1.3
Dodging        | |  4.9
Stealth        | |  4.5
Ice Magic      | |  7.2

Action                   |  1- 3 |  4- 6 || total
-------------------------+-------+-------++-------
Melee: Dagger            |    46 |       ||    46
       Bite              |     9 |     3 ||    12
       Spear             |    25 |    13 ||    38
       Short sword       |     8 |       ||     8
       Mace              |       |    23 ||    23
Throw: Stone             |     6 |       ||     6
       Dart              |       |    15 ||    15
       Boomerang         |       |    15 ||    15
 Cast: Freeze            |    24 |     4 ||    28
       Frozen Ramparts   |     1 |     8 ||     9
  Use: Potion            |       |     1 ||     1
 Stab: Sleeping          |     7 |     1 ||     8
Armor: Robe              |    16 |     4 ||    20
Dodge: Dodged            |    63 |    27 ||    90
